 Dungeon Crawl Stone Soup version 0.31-a0-217-g58bb5d79cf (webtiles) character file.

Game seed: 1276987431143040419

59 qw the Shooter (level 4, -3/26 HPs)
             Began as a Gargoyle Hexslinger on July 2, 2023.
             Slain by a gnoll
             ... wielding a +0 halberd
              (6 damage)
             ... on level 2 of the Dungeon.
             The game lasted 00:00:30 (1283 turns).

qw the Shooter (Gargoyle Hexslinger)                Turns: 1283, Time: 00:00:30

Health: -3/26      AC:  8    Str: 11    XL:     4   Next: 3%
Magic:  5/5        EV: 10    Int: 14    God:
Gold:   61         SH:  0    Dex: 14    Spells: 4/5 levels left

rFire   . . .        Y - +1 sling
rCold   . . .        (no shield)
rNeg    + . .        h - +0 ring mail
rPois   inf          (no helmet)
rElec   +            (no cloak)
rCorr   .            (no gloves)
SInv    .            (no boots)
Will    .....        (no amulet)
Stlth   +            (no ring)
HPRegen 0.24/turn    (no ring)
MPRegen 0.09/turn

%: no passive effects
@: no status effects
A: sickness immunity, AC +3, negative energy resistance 1, electricity
resistance, torment resistance 1, petrification resistance
a: no special abilities


You were on level 2 of the Dungeon.
You visited 1 branch of the dungeon, and saw 2 of its levels.

You collected 61 gold pieces.


Innate Abilities, Weirdness & Mutations

You are immune to sickness and miasma.
Your stone body is resilient. (AC +3)
You are immune to poison.
You resist negative energy. (rN+)
You are resistant to electric shocks. (rElec)
You are resistant to unholy torment.
You are immune to petrification.


   Skills:
 - Level 2.1 Fighting
 + Level 3.8 Ranged Weapons
 - Level 1.5 Dodging
 - Level 1.0 Spellcasting
 - Level 2.6 Hexes


You had 4 spell levels left.
You knew the following spells:

 Your Spells              Type           Power      Damage    Failure   Level
a - Slow                  Hex            32%        N/A       22%         1

Your spell library contained the following spells:

 Spells                   Type           Power      Damage    Failure   Level
 Inner Flame              Hex/Fire       4%         N/A       73%         3
 Portal Projectile        Hex/Tloc       8%         N/A       73%         3
 Cause Fear               Hex            4%         N/A       91%         4

Inventory:

Hand Weapons
 Y - a +1 sling (weapon)
Armour
 a - a +2 ring mail of fire resistance
 h - a +0 ring mail (worn)
Jewellery
 d - an amulet of guardian spirit
Scrolls
 b - a scroll of fear {unknown}
 e - 2 scrolls of identify
Potions
 c - a potion of heal wounds {unknown}
 f - a potion of lignification {unknown}

Dungeon Overview and Level Annotations

Branches:
Dungeon (2/15)

Altars:


Message History

Things that are here:
a +0 short sword; 5 stones
There is a stone staircase leading up here.
A gnoll comes into view. It is wielding a +0 club.
Enter note:
Enter note:
Enter note:
Enter note:
Enter note:
Enter note:
Enter note:
Enter note:
Enter note: You shoot a sling bullet.
The sling bullet barely misses the gnoll.
You hear a shout!
The gnoll hits you with a +0 club.
You hear a shout!
You shoot a sling bullet.
The sling bullet hits the gnoll but does no damage.
You hear a shout!
The gnoll hits you with a +0 club.
You shoot a sling bullet. The sling bullet hits the gnoll!
The gnoll is severely wounded.
The gnoll completely misses you.
A gnoll comes into view. It is wielding a +0 whip.
You shoot a sling bullet.
The sling bullet hits the gnoll but does no damage.
The gnoll is severely wounded.
The gnoll hits you with a +0 club!
A gnoll comes into view. It is wielding a +0 halberd.
The gnoll barely misses you.
You shoot a sling bullet. The sling bullet hits the gnoll.
You kill the gnoll!
The gnoll hits you from afar with a +0 halberd.
You have reached level 4!
You feel clever.
You shoot a sling bullet. The sling bullet hits the gnoll.
The gnoll is lightly wounded.
The gnoll hits you from afar with a +0 halberd.
You die...

#########
#.g@....#########
#g####....#.....#
..
#....#.###.####
...
#....#.###.#...
#..
#............#.
#.
#.............^ .
#...........##.
#..............
#....########..


You could see 2 gnolls.

Vanquished Creatures
  2 gnolls (D:2)
  2 worms (D:2)
  2 dart slugs
  4 endoplasms (D:2)
  A giant cockroach (D:1)
  3 goblins (D:1)
  2 hobgoblins (D:2)
  2 jackals (D:1)
  2 quokkas (D:2)
  2 ball pythons (D:2)
  A bat (D:2)
  4 kobolds
  4 rats
31 creatures vanquished.

Notes
Turn   | Place    | Note
-------+----------+-------------------------------------------
     0 | D:1      | qw the Gargoyle Hexslinger began the quest for the Orb.
     0 | D:1      | Reached XP level 1. HP: 12/12 MP: 2/2
     0 | D:1      | 0 ||| qw: Version: 0.3-a-40-ge99b1a8
     0 | D:1      | 0 ||| qw: Game counter: 54
     0 | D:1      | 0 ||| qw: Melee chars always use a shield: true
     0 | D:1      | 0 ||| qw: God list: Okawaru
     0 | D:1      | 0 ||| qw: Allow faded altars: false
     0 | D:1      | 0 ||| qw: Do Orc after clearing Dungeon:15 true
     0 | D:1      | 0 ||| qw: Do second Lair branch before Depths: true
     0 | D:1      | 0 ||| qw: Lair rune preference: random
     0 | D:1      | 0 ||| qw: Goals: Normal
     0 | D:1      | 0 ||| PLANNING D:1-11
    78 | D:1      | 78 ||| FLEEEEING.
    79 | D:1      | 79 ||| FLEEEEING.
    81 | D:1      | 81 ||| FLEEEEING.
   127 | D:1      | Reached XP level 2. HP: 16/16 MP: 3/3
   557 | D:1      | 557 ||| UPGRADING to +0 ring mail.
   567 | D:1      | 567 ||| DROPPING +0 robe.
   568 | D:1      | 568 ||| READING scroll labelled ZAERYA KEUQ.
   569 | D:1      | 569 ||| READING 3 scrolls labelled SUGAAN FETTO.
   570 | D:1      | 570 ||| READING scroll labelled ZYGHUHIBEL.
   573 | D:1      | 573 ||| READING scroll labelled FACVO XOSHREW.
   574 | D:1      | 574 ||| DROPPING scroll of poison.
   602 | D:2      | Reached skill level 3 in Ranged Weapons
   743 | D:2      | Reached XP level 3. HP: 14/21 MP: 4/4
   827 | D:2      | HP: 3/21 [gnoll/+0 club (4)]
  1282 | D:2      | HP: 2/21 [gnoll/+0 halberd (5)]
  1283 | D:2      | Reached XP level 4. HP: 3/26 MP: 5/5
  1283 | D:2      | Slain by a gnoll

Levels and vault maps discovered:
D:1:      amcnicky_arrival_double_pillar, layout_loops_ring
D:2:      minmay_evil_eye, layout_basic

Skill      XL: |  1  2 |
---------------+-------+-----
Ranged Weapons | 3 |  3.8
Fighting       | 2 |  2.1
Dodging        | |  1.5
Spellcasting   | |  1.0
Hexes          | |  2.6

Action                     |  1- 3 |  4- 6 || total
---------------------------+-------+-------++-------
   Fire: Sling             |   128 |     1 ||   129
    Use: Scroll            |     4 |       ||     4
 Armour: Robe              |     5 |       ||     5
         Ring mail         |    29 |       ||    29
  Dodge: Dodged            |    54 |       ||    54

Table legend:
 A = Non-vault XP
 B = Vault XP
 C = Vault XP percentage of total XP
 D = Non-vault monster count
 E = Vault monster count
 F = Vault count percentage of total count
                 A         B        C        D         E       F
            +---------+---------+-------+---------+---------+-------
      Total |      67 |      18 |  21.2 |      24 |       7 |  22.6
            +---------+---------+-------+---------+---------+-------
        D:1 |      18 |       0 |   0.0 |      10 |       0 |   0.0
        D:2 |      49 |      18 |  26.9 |      14 |       7 |  33.3
            +---------+---------+-------+---------+---------+-------
